 Dungeon Crawl Stone Soup version 0.31-a0-819-gf6de2f5ab6 (webtiles) character file.

Game seed: 12769278029486484885

5063 Zonian the Fighter (level 10, 0/94 HPs)
             Began as an Armataur Fighter on Sept 23, 2023.
             Was a High Priest of Wu Jian.
             Succumbed to a killer bee's poison
             ... on level 9 of the Dungeon on Sept 24, 2023.
             The game lasted 00:23:43 (9466 turns).

Zonian the Fighter (Armataur Fighter)               Turns: 9466, Time: 00:23:44

Health: 0/94       AC: 10    Str: 26    XL:     10   Next: 31%
Magic:  10/10      EV:  7    Int:  9    God:    Wu Jian [*****.]
Gold:   427        SH:  6    Dex: 15    Spells: 9/9 levels left

rFire   . . .        a - +2 flail
rCold   . . .        c - +0 buckler
rNeg    . . .        q - +0 steam dragon scales
rPois   .            n - +0 helmet
rElec   +            (no cloak)
rCorr   .            (no gloves)
SInv    .            i - +0 barding
Will    .....        (no amulet)
Stlth   ++++         k - +6 ring of dexterity
HPRegen 0.35/turn    m - ring "Rulefur" {Fly rElec AC+4 Stlth+}
MPRegen 0.12/turn

%: no passive effects
@: lethally poisoned (0 -> -13), corroded, flying, hasted, very quick
A: large, rugged brown scales 3, deformed body, armoured tail, (roll), long
tongue, awkward tongue
a: Renounce Religion, Wall Jump, Serpent's Lash, Heavenly Storm


You were on level 9 of the Dungeon.
You worshipped Wu Jian.
Wu Jian was extremely pleased with you.
You visited 1 branch of the dungeon, and saw 9 of its levels.

You collected 427 gold pieces.

Inventory:

Hand Weapons
 a - a +2 flail (weapon)
 e - a +2 dagger of flaming
 l - a +0 dagger of draining
 o - a +0 short sword
 r - a +0 dagger of venom
 F - a +4 short sword
Missiles
 s - 3 darts of dispersal
 t - 4 atropa-tipped darts
 v - 4 boomerangs
 D - 2 poisoned darts
Armour
 b - a +0 scale mail
 c - a +0 buckler (worn)
 i - a +0 barding (worn)
 n - a +0 helmet (worn)
 q - +0 steam dragon scales (worn)
 y - a +0 helmet
Jewellery
 f - a ring of ice
 k - a +6 ring of dexterity (left hand)
 m - the ring "Rulefur" (right hand) {Fly rElec AC+4 Stlth+}
   (You acquired it on level 4 of the Dungeon)

   [ring of protection]

   AC+4:      It affects your AC (+4).
   rElec:     It insulates you from electricity.
   Fly:       It grants you flight.
   Stlth+:    It makes you more stealthy.
 p - a +6 ring of dexterity
Wands
 d - a wand of charming (10)
Scrolls
 j - 3 scrolls of teleportation
 u - 3 scrolls of immolation
 w - 2 scrolls of identify
 C - a scroll of poison
Potions
 g - a potion of degeneration
 z - a potion of mutation
 E - a potion of brilliance


   Skills:
 + Level 8.0 Fighting
 + Level 7.7 Maces & Flails
 - Level 7.9 Armour
 + Level 6.7 Stealth
 - Level 7.1 Shields


You had 9 spell levels left.
You didn't know any spells.
Your spell library contained the following spells:

 Spells                   Type           Power      Damage    Failure   Level
 Blink                    Tloc           0%         N/A       56%         2
 Ensorcelled Hibernation  Hex/Ice        0%         N/A       56%         2
 Jinxbite                 Hex            0%         N/A       56%         2
 Lesser Beckoning         Tloc           0%         N/A       56%         2
 Momentum Strike          Conj/Tloc      0%         3d8       56%         2
 Passwall                 Tmut/Erth      0%         N/A       56%         2
 Inner Flame              Hex/Fire       0%         N/A       80%         3
 Swiftness                Air            0%         N/A       80%         3
 Anguish                  Hex/Necr       0%         N/A       99%         4
 Flame Wave               Conj/Fire      0%         2d4       99%         4
 Sticky Flame             Conj/Fire      0%         2d3       99%         4


Dungeon Overview and Level Annotations

Branches:
Dungeon (9/15)             Temple (0/1) D:4
   Lair: D:8-11         Orc: D:9-12

Altars:
Cheibriados
Elyvilon
Gozag
Kikubaaqudgha
Qazlal
Ru
Wu Jian
Yredelemnul

Annotations:
D:1 2 transporters
D:4 2 transporters, Kurtz's ghost, amateur OpFi
D:7 Dowan


Innate Abilities, Weirdness & Mutations

You are completely covered in rugged brown scales. (AC +3, +7% HP)
Armour fits poorly on your strangely shaped body.
You have a long armoured tail.
((You roll when moving toward enemies. (Rampage)))
Your long tongue fully drains potion bottles. (2x potion effects)
Your tongue gives you trouble enunciating. (1.5x scroll delay)


Message History

Aim: a killer bee The mass of ice explodes!
The iceblast engulfs the killer bee!
The killer bee is almost dead.
The now-empty wand crumbles to dust.
Unknown command.
You barely miss the killer bee.
Your tail-slap misses the killer bee.
The killer bee is almost dead.
The killer bee stings you.
* * * LOW HITPOINT WARNING * * *
The killer bee stings you.
* * * LOW HITPOINT WARNING * * *
You miss the killer bee.
The killer bee is almost dead.
The killer bee barely misses you. You block the killer bee's attack.
You closely miss the killer bee.
The killer bee is almost dead.
The killer bee barely misses you. You block the killer bee's attack.
You barely miss the killer bee.
Your tail-slap misses the killer bee.
The killer bee is almost dead.
The killer bee stings you but does no damage.
The killer bee barely misses you.
You barely miss the killer bee.
The killer bee is almost dead.
The killer bee closely misses you. The killer bee stings you!
* * * LOW HITPOINT WARNING * * *
You are lethally poisoned!
The killer bee poisons you!
Unknown command.
Okay, then.
Okay, then.
You feel yourself speed up.
You slurp down every last drop of the potion of haste!
* * * LOW HITPOINT WARNING * * *
You feel sick.
The killer bee stings you but does no damage.
The killer bee stings you.
* * * LOW HITPOINT WARNING * * *
You are more poisoned.
The killer bee poisons you! You block the wight's attack.
You die...

#......######### #§§§§.....
#......# #z§§......
#......# #§§§§§....
#......# #..§§§....
##.....# #.........
#.....####+# #....#####
######..........######....#
#................y.†......#
#..............@.z........#
#####..........####.......#
#..........# #.......#
#.......#### #.......#
#.......# #.......# S.
#.......# #...y...# ..
#.......# . #.......# .
#.......# . #


You could see a killer bee and a wight.

Vanquished Creatures
  Joseph (D:7)
  A troll (D:9)
  3 wyverns (D:9)
  5 yaks (D:8)
  A steam dragon (D:7)
  Eustachio (D:4)
  4 water moccasins
  An acid dragon (D:9)
  Duvessa (D:7)
  An orc warrior (D:6)
  2 ice beasts (D:7)
  2 ogres (D:5)
  3 scorpions
  6 wights
  13 killer bees
  2 jellies
  4 hounds
  3 orc priests
  9 iguanas
  8 orc wizards
  7 gnolls
  6 adders
  4 ufetubi
  3 worms
  A dart slug (D:3)
  22 orcs
  12 ball pythons
  6 endoplasms
  6 giant cockroaches
  6 goblins
  13 hobgoblins
  7 quokkas
  14 bats
  5 frilled lizards
  14 kobolds
  4 rats
201 creatures vanquished.

Vanquished Creatures (others)
  An orc wizard (D:7)
1 creature vanquished.

Grand Total: 202 creatures vanquished

Notes
Turn   | Place    | Note
-------+----------+-------------------------------------------
     0 | D:1      | Zonian the Armataur Fighter began the quest for the Orb.
     0 | D:1      | Reached XP level 1. HP: 19/19 MP: 1/1
    59 | D:1      | Reached XP level 2. HP: 26/26 MP: 2/2
    98 | D:1      | You fall into a shaft and drop 1 floor!
    98 | D:2      | Found a faded altar of an unknown god.
   106 | D:2      | Prayed at the altar of an unknown god.
   106 | D:2      | Became a worshipper of the Wu Jian Council
   106 | D:2      | Reached * piety under Wu Jian
   172 | D:2      | Reached skill level 3 in Fighting
   564 | D:2      | Reached XP level 3. HP: 33/33 MP: 3/3
   654 | D:1      | Reached ** piety under Wu Jian
   998 | D:1      | Reached XP level 4. HP: 40/40 MP: 4/4
  1945 | D:3      | Found a snail-covered altar of Cheibriados.
  1995 | D:3      | Found a sacrificial altar of Ru.
  2029 | D:3      | Reached XP level 5. HP: 28/48 MP: 5/5
  2069 | D:3      | Reached *** piety under Wu Jian
  2170 | D:3      | Reached skill level 5 in Armour
  2422 | D:3      | Reached XP level 6. HP: 49/55 MP: 6/6
  2930 | D:3      | Reached skill level 4 in Fighting
  3013 | D:3      | Found a stormy altar of Qazlal.
  3163 | D:4      | Noticed Eustachio
  3177 | D:4      | Killed Eustachio
  3178 | D:4      | Reached skill level 5 in Shields
  3258 | D:4      | Reached **** piety under Wu Jian
  3259 | D:4      | Reached XP level 7. HP: 64/64 MP: 7/7
  3335 | D:4      | Found a basalt altar of Yredelemnul.
  3606 | D:4      | Found a staircase to the Ecumenical Temple.
  3615 | D:4      | Identified a scroll of acquirement
  3615 | D:4      | Acquired the ring "Rulefur" {Fly rElec AC+4 Stlth+}
  3659 | D:4      | Found a transporter.
  3660 | D:4      | Noticed Kurtz's ghost (amateur OpFi)
  3660 | D:4      | Identified the +4 giant club of the Rattlesnake {elec,
                  | rPois rF- rN+ Will++}
  3682 | D:4      | Found a transporter.
  3721 | D:5      | Entered Level 5 of the Dungeon
  4120 | D:5      | Found an opulent altar of Gozag.
  4156 | D:5      | Reached skill level 5 in Fighting
  4177 | D:5      | Reached XP level 8. HP: 72/72 MP: 8/8
  5359 | D:7      | Reached skill level 5 in Maces & Flails
  5591 | D:7      | Found an ancient bone altar of Kikubaaqudgha.
  5798 | D:7      | Noticed Joseph
  5846 | D:7      | Reached skill level 6 in Fighting
  5904 | D:7      | Noticed Duvessa
  5904 | D:7      | Noticed Dowan
  5951 | D:7      | Killed Duvessa
  5952 | D:7      | Reached skill level 1 in Stealth
  5952 | D:7      | Reached XP level 9. HP: 74/80 MP: 9/9
  6171 | D:7      | Killed Joseph
  7260 | D:8      | Found a white marble altar of Elyvilon.
  7938 | D:8      | Reached ***** piety under Wu Jian
  7939 | D:8      | Reached skill level 7 in Fighting
  7956 | D:8      | Reached skill level 5 in Stealth
  8590 | D:9      | Noticed a troll
  8637 | D:9      | Reached XP level 10. HP: 31/92 MP: 10/10
  9438 | D:9      | Reached skill level 8 in Fighting
  9465 | D:9      | HP: 3/94 [poisoned by a killer bee]
  9466 | D:9      | Succumbed to a killer bee's poison

Illustrated notes

Levels and vault maps discovered:
D:1:      spicycebolla_arrival_transporter_tutorial, layout_loops_ring,
          minmay_three_crescents
D:2:      layout_rooms, basic_ecumenical_altar
D:3:      layout_basic, mainiacjoe_overflow_six_doors_small,
          mainiacjoe_overflow_large_starburst, cheibrodos_sewer_entry_sluice
D:4:      layout_rooms, mainiacjoe_overflow_catwalk,
          minmay_temple_entry_large_hall, gammafunk_ghost_smash, uniq_eustachio
D:5:      layout_rooms, grunt_gozag_breadcrumbs
D:6:      cheibrodos_helix_gallery, layout_layer_cave
D:7:      layout_loops_ring, kiku_gazebo_garden_becter, grunt_ministairs_4,
          uniq_joseph, uniq_duvessa
D:8:      layout_cave_pods, mainiacjoe_overflow_boulevard
D:9:      layout_irregular_city, minmay_lair_entry_grove, minmay_misc_feat_room

Skill      XL: |  1  2  3  4  5  6  7  8  9 10 |
---------------+-------------------------------+-----
Maces & Flails | 2 3 4 5 7 |  7.7
Fighting       | 3 4 5 6 7 8 |  8.0
Armour         | 4 5 6 7 |  7.9
Shields        | 4 5 6 7 |  7.1
Stealth        | 1 5 6 |  6.7

Action                     |  1- 3 |  4- 6 |  7- 9 | 10-12 || total
---------------------------+-------+-------+-------+-------++-------
  Melee: Flail             |    97 |   229 |   327 |    91 ||   744
         Tailslap          |    10 |    24 |    41 |     9 ||    84
  Throw: Dart              |       |     1 |       |       ||     1
 Invoke: Serpent's Lash    |       |       |     2 |       ||     2
Ability: Lunge             |     7 |    20 |    14 |     2 ||    43
         Whirlwind         |     2 |    17 |    61 |     7 ||    87
         Wall Jump         |       |       |     4 |     2 ||     6
  Evoke: Wand              |       |       |       |     3 ||     3
    Use: Potion            |       |     3 |     2 |     1 ||     6
         Scroll            |       |     6 |    10 |     3 ||    19
 Armour: Scale mail        |    69 |   242 |   179 |       ||   490
         Steam dragon scal |       |       |   112 |   108 ||   220
  Dodge: Dodged            |    25 |    48 |    87 |    36 ||   196
  Block: Buckler           |    18 |    60 |    99 |    26 ||   203

Table legend: (Time is in decaauts)
 A = Elapsed time spent in this place.
 B = Non-inter-level travel time spent in this place.
 C = Inter-level travel time spent in this place.
 D = Time resting spent in this place.
 E = Time spent auto-exploring this place.
 F = Levels seen in this place.
 G = Mean time per level.
                   A        B        C        D        E       F      G
               +--------+--------+--------+--------+--------+-----+--------+
         Total |   9583 |   9438 |    145 |   2991 |   4063 |   9 | 1064.8 |
       Dungeon |   9583 |   9438 |    145 |   2991 |   4063 |   9 | 1064.8 |
               +--------+--------+--------+--------+--------+-----+--------+

Top non-repeatable levels by time:
     D:7: 1772 daAuts
     D:8: 1493 daAuts
     D:3: 1172 daAuts
     D:2: 1161 daAuts
     D:6: 963 daAuts
     D:9: 893 daAuts
     D:1: 824 daAuts
     D:5: 671 daAuts
     D:4: 630 daAuts
